 Dungeon Crawl Stone Soup version 0.22-a0-782-g038298e (webtiles) character file.

22 Amnesiac the Digger (level 2, -3/19 HPs)
             Began as a Mummy Earth Elementalist on July 19, 2018.
             Slain by an orc
             ... wielding a +0 short sword
              (4 damage)
             ... on level 3 of the Dungeon.
             The game lasted 00:01:43 (630 turns).

Amnesiac the Digger (Mummy Earth Elementalist)       Turns: 630, Time: 00:01:43

Health: -3/19      AC:  2    Str: 11    XL:     2   Next: 68%
Magic:  0/6        EV: 12    Int: 14    God:
Gold:   46         SH:  0    Dex: 12    Spells: 4/7 levels left

rFire    x . .     SeeInvis .   (no weapon)
rCold    + . .     Gourm    .   (no shield)
rNeg     + + +     Faith    .   c - +0 robe
rPois    ∞         Spirit   .   (no helmet)
rElec    .         Reflect  .   (no cloak)
rCorr    .         Harm     .   (no gloves)
MR       .....                  (no boots)
Stlth    ++........             (no amulet)
HPRegen  0.06/turn              (no ring)
MPRegen  0.10/turn              (no ring)

@: no status effects
A: no food or potions, fire vulnerability, cold resistance 1, negative energy
resistance 3, torment resistance, unbreathing
a: no special abilities


You were on level 3 of the Dungeon.
You were not hungry.

You visited 1 branch of the dungeon, and saw 3 of its levels.

You collected 46 gold pieces.

Inventory:

Missiles
 b - 4 stones (quivered)
Armour
 c - a +0 robe (worn)
Jewellery
 e - a +1 ring of protection {unknown}
Wands
 f - a wand of random effects (28)
Scrolls
 a - a scroll of magic mapping {!r, unknown}
 d - a scroll of identify {!r, unknown}


   Skills:
 - Level 1.5 Dodging
 - Level 1.5 Stealth
 + Level 3.1 Spellcasting
 - Level 0.7 Transmutations
 * Level 3.1 Earth Magic


You had 4 spell levels left.
You knew the following spells:

 Your Spells              Type           Power        Failure   Level  Hunger
a - Sandblast             Erth           ##....       6%          1    N/A
b - Passwall              Tmut/Erth      #.......     14%         2    N/A

Your spell library contained the following spells:

 Spells                   Type           Power        Failure   Level  Hunger
 Stone Arrow              Conj/Erth      #.....       32%         3    N/A
 Lee's Rapid Deconstruct  Erth           ##........   85%         5    N/A
 Petrify                  Tmut/Erth      #.......     67%         4    N/A

Dungeon Overview and Level Annotations

Branches:
Dungeon (3/15)

Altars:
Fedhas


Innate Abilities, Weirdness & Mutations

You do not eat or drink.
Your flesh is vulnerable to fire.
You are immune to poison.
Your flesh is cold resistant. (rC+)
You are immune to negative energy. (rN+++)
You are immune to unholy pain and torment.
You can survive without breathing.


Message History

You don't have enough magic to cast that spell.
You hit the orc but do no damage.
The orc is heavily wounded.
The orc closely misses you.
Casting: Sandblast (safe; 6% risk of failure)
Confirm with . or Enter, or press ? or * to list all spells.
You don't have enough magic to cast that spell.
You barely miss the orc.
The orc is heavily wounded.
The orc hits you with a short sword.
Casting: Sandblast (safe; 6% risk of failure)
Confirm with . or Enter, or press ? or * to list all spells.
You don't have enough magic to cast that spell.
You hit the orc.
The orc is almost dead.
The orc closely misses you.
Casting: Sandblast (safe; 6% risk of failure)
Confirm with . or Enter, or press ? or * to list all spells.
You don't have enough magic to cast that spell.
You barely miss the orc.
The orc is almost dead.
The orc closely misses you.
Casting: Sandblast (safe; 6% risk of failure)
Confirm with . or Enter, or press ? or * to list all spells.
Aiming: Sandblast (safe; 6% risk of failure)
Press: ? - help, Shift-Dir - straight line, f/p - orc
Aim: an orc, wielding a short sword and wearing a ring mail (almost dead)
The blast of sand hits the orc.
The orc is almost dead.
b - 4 stones The orc barely misses you.
You hit the orc but do no damage.
The orc is almost dead.
The orc barely misses you.
Casting: Sandblast (safe; 6% risk of failure)
Confirm with . or Enter, or press ? or * to list all spells.
You don't have enough magic to cast that spell.
You hit the orc but do no damage.
The orc is almost dead.
The orc barely misses you.
Casting: Sandblast (safe; 6% risk of failure)
Confirm with . or Enter, or press ? or * to list all spells.
You don't have enough magic to cast that spell.
You closely miss the orc.
The orc is almost dead.
The orc hits you with a short sword.
You barely miss the orc.
The orc is almost dead.
The orc hits you with a short sword.
* * * LOW HITPOINT WARNING * * *
Casting: Sandblast (safe; 6% risk of failure)
Confirm with . or Enter, or press ? or * to list all spells.
You don't have enough magic to cast that spell.
You closely miss the orc.
The orc is almost dead.
The orc hits you with a short sword.
* * * LOW HITPOINT WARNING * * *
Casting: Sandblast (safe; 6% risk of failure)
Confirm with . or Enter, or press ? or * to list all spells.
You don't have enough magic to cast that spell.
You barely miss the orc.
The orc is almost dead.
The orc hits you with a short sword.
You die...

....PPPP........#
.....PPP........##
..#.....###..#..#
####.## ##.##.# #.#
#....### #.#
###....##. #.#
####.######........#
#..##
#.............###..#
. #..#
#.######@.###...# ..
.# #.###.###..o.##
#.....
..###......##.####
#####
.........#..#†#
.......#......#
.#o..#[......##
...#..o....###
.?.#.......#
.#...#.....#


You could see an orc.

Vanquished Creatures
  An ooze (D:3)
  A dart slug (D:1)
  4 bats
  A giant cockroach (D:3)
  A goblin (D:3)
  A quokka (D:3)
  2 frilled lizards (D:3)
  2 kobolds (D:3)
  4 rats
17 creatures vanquished.

Notes
Turn   | Place    | Note
-------+----------+-------------------------------------------
     0 | D:1      | Amnesiac the Mummy Earth Elementalist began the quest for the Orb.
     0 | D:1      | Reached XP level 1. HP: 13/13 MP: 4/4
   153 | D:3      | Reached XP level 2. HP: 17/19 MP: 3/5
   157 | D:3      | Learned a level 2 spell: Passwall
   477 | D:3      | Found a blossoming altar of Fedhas.
   630 | D:3      | Slain by an orc

Vault maps used:
D:1:      eino_arrival_tree_alley, nemelex_diamond_rough_becter
D:2:      minivault_4, uniq_terence
D:3:      fedhas_altar_3, st_stairs_12, minmay_misc_feat_more_columns

Skill      XL: |  1  2 |
---------------+-------+-----
Earth Magic    | 3 |  3.1
Spellcasting   | 3 |  3.1
Dodging        | |  1.5
Stealth        | |  1.5
Transmutations | |  0.7

Action                   || total
-------------------------++-------
Melee: Unarmed           ||    52
 Cast: Sandblast         ||    29
 Stab: Sleeping          ||     1
Armor: Robe              ||    12
Dodge: Dodged            ||    49

Table legend:
 A = Spawn XP
 B = Non-spawn XP
 C = Spawn XP percentage of total XP
 D = Spawn monster count
 E = Non-spawn monster count
 F = Spawn count percentage of total count
 G = Total turns spent on level
                    A         B        C        D         E        F      G
               +---------+---------+-------+---------+---------+-------+---------
         Total |       0 |      32 |   0.0 |       0 |      17 |   0.0 |   630
               +---------+---------+-------+---------+---------+-------+---------
           D:1 |       0 |       6 |   0.0 |       0 |       2 |   0.0 |    51
           D:2 |       0 |       1 |   0.0 |       0 |       1 |   0.0 |   100
           D:3 |       0 |      25 |   0.0 |       0 |      14 |   0.0 |   479
               +---------+---------+-------+---------+---------+-------+---------
